Cogmind - Beta 16 @@@ ROGUE MODE // 2025.11.03 @ 02:06:17 Player: daxter767676 Result: Destroyed by 05-Y12(R) with Subdweller Laser Performance ------------- Evolutions (0) 0 Regions Visited (2) 400 Robots Destroyed (6) 30 Value Destroyed (240) 240 Prototype IDs (0) 0 Alien Tech Used (0) 0 Bonus (0) 0 TOTAL SCORE: 670 Bonus ------- None Cogmind --------- Core Integrity 0/250 Matter 256/300 Energy 82/100 System Corruption 0% Temperature Cool (6) Movement Rolling (100) Location -10/Subcaves Parts ------- > --- POWER (1) -------- (None) > --- PROPULSION (2) --- Compact Wheel > --- UTILITY (2) ------ Small Storage Unit Seismic Detector > --- WEAPON (2) ------- Beam Rifle > --- INVENTORY (8) ---- Ion Engine Light Nuclear Core Aluminum Leg Aluminum Leg Aluminum Leg Wheel Peak State ------------ > --- POWER ------------ Subdweller Power Source > --- PROPULSION ------- Compact Wheel > --- UTILITY ---------- Small Storage Unit Seismic Detector > --- WEAPON ----------- Beam Rifle Subdweller Shrapnel Launcher > --- INVENTORY -------- Ion Engine Light Nuclear Core Aluminum Leg Aluminum Leg Aluminum Leg Wheel [Rating: 9] Favorites ----------- Power Light Ion Engine Engine Light Ion Engine Propulsion Aluminum Leg Leg Aluminum Leg Wheel Compact Wheel Utility Small Storage Unit Device Heat Sink Storage Small Storage Unit Weapon Light Assault Rifle Energy Gun Beam Rifle Energy Cannon Beam Cannon Ballistic Gun Light Assault Rifle Launcher Subdweller Shrapnel Launcher Build | -11 -10 -10 ------- Run | Yrd Mat Sub Slots Evolved . | . . . Power . | . . . Propulsion . | . . . Utility . | . . . Weapon . | . . . Parts Attached 9 | . 3 6 Power 1 | . . 1 Engine 1 | . . 1 Core . | . . . Reactor . | . . . Propulsion 2 | . 1 1 Treads . | . . . Leg 1 | . 1 . Wheel 1 | . . 1 Hover . | . . . Flight . | . . . Utility 2 | . 1 1 Device 2 | . 1 1 Storage . | . . . Processor . | . . . Hackware . | . . . Protection . | . . . Artifact . | . . . Weapon 4 | . 1 3 Energy Gun 1 | . . 1 Energy Cannon 1 | . 1 . Ballistic Gun 1 | . . 1 Ballistic Cannon . | . . . Launcher 1 | . . 1 Special Weapon . | . . . Impact Weapon . | . . . Slashing Weapon . | . . . Piercing Weapon . | . . . Special Melee Weapon . | . . . Unidentified Prototypes . | . . . Parts Lost 8 | . . 8 Power 2 | . . 2 Propulsion 2 | . . 2 Utility . | . . . Weapon 4 | . . 4 Highest Loss Streak 5 | . . 5 To Critical Strikes . | . . . Average Backups 6 | . 6 7 Power 1 | . 1 2 Propulsion 4 | . 4 4 Utility . | . . . Weapon . | . 1 . Tool/Special . | . . . Unused Backups 16 | . 7 9 Power 4 | . 1 3 Propulsion 8 | . 3 5 Utility 1 | . 1 . Weapon 3 | . 2 1 Tool/Special . | . . . Average Slot Usage (%) 82 | . 88 70 Engine 13 | . 14 11 Leg 20 | . 28 5 Wheel 1 | . . 5 Device 6 | . 3 13 Storage 14 | . 14 14 Energy Gun 1 | . . 3 Energy Cannon 2 | . 2 2 Ballistic Gun 19 | . 25 9 Peak Build Rating 9 | . 8 9 Average Rating 6 | . 6 6 On Entrance 6 | 6 6 8 Avg Prop Armor Cover (%) . | . . . Naked Turns . | . . . Heaviest Build 22 | 10 13 22 Greatest Support 20 | 20 20 20 Greatest Overweight (x) 4 | . . 4 Average Overweight (x) . | . . 1 Largest Inventory Capacity 8 | . 8 8 Average Capacity 8 | . 8 8 Most Carried 8 | . 8 8 Average Carried 6 | . 6 6 Final Capacity 8 | 8 8 8 Final Carried 8 | 6 8 6 Class Distribution -------------------- 100% | Mutant Dominant Class ---------------- Mutant | -10/Materials Mutant | -10/Subcaves Resources | -11 -10 -10 ----------- Run | Yrd Mat Sub Matter Collected 293 | 200 32 61 Remotely . | . . . Salvage Created 269 | . 127 142 Parts 14 | . 6 8 Haulers Intercepted . | . . . Recyclers Shooed . | . . . Parts Field Recycled . | . . . Retrieved Matter . | . . . Parts Self-Destructed 2 | . . 2 Prevented . | . . . Parts Restored . | . . . Kills | -11 -10 -10 ------- Run | Yrd Mat Sub Combat Hostiles Destroyed 6 | . 3 3 Guns 5 | . 3 2 AOE 1 | . . 1 Classes Destroyed 3 | . 1 2 Grunt 3 | . 3 . Sentry 1 | . . 1 Subdweller 2 | . . 2 Best Kill Streak 3 | . 3 1 Combat Bots Only 3 | . 3 1 Max Kills in Single Turn 1 | . 1 1 Gunslinging . | . . . Exploded 1 | . . 1 Melee . | . . . Uniques/NPCs Destroyed . | . . . Combat | -11 -10 -10 -------- Run | Yrd Mat Sub Hostile Shots Fired 63 | . 12 51 Missed 13 | . 1 12 Hits 50 | . 11 39 Projectile 50 | . 11 39 AOE 2 | . . 2 Damage Taken 1067 | . 149 918 Core 263 | . 21 242 Absorbed by Shields . | . . . Core Remaining (%) 100 | 100 . . Volleys Fired 34 | . 11 23 Largest 2 | . 2 2 Hottest 80 | . 40 80 Shots Fired 52 | . 22 30 Gun 42 | . 22 20 Cannon 9 | . . 9 Launcher 1 | . . 1 Special . | . . . Kinetic 41 | . 22 19 Thermal 11 | . . 11 Explosive . | . . . Electromagnetic . | . . . Robot Hit Streak 16 | . 11 16 Robot Miss Streak 1 | . 1 1 Penetration Max . | . . . Secondary Targets . | . . . Shots Hit Robots 47 | . 18 29 Core Hits 16 | . 9 7 Critical Kills . | . . . Critical Parts Destroyed . | . . . Critical Strikes . | . . . Melee Attacks . | . . . Impact . | . . . Slashing . | . . . Piercing . | . . . Sneak Attacks . | . . . Combat Hostiles . | . . . Follow-up Attacks . | . . . Damage Inflicted 495 | . 154 341 Guns 351 | . 154 197 Cannons 87 | . . 87 Explosions 57 | . . 57 Melee . | . . . Ramming . | . . . Kinetic 379 | . 154 225 Thermal 116 | . . 116 Explosive . | . . . Electromagnetic . | . . . Impact . | . . . Slashing . | . . . Piercing . | . . . Highest Corruption . | . . . Average Corruption . | . . . Corruption Purged . | . . . Corruption Blocked . | . . . Overload Shots . | . . . Overflow Damage . | . . . Projectiles . | . . . Explosions . | . . . Melee . | . . . Knockbacks . | . . . Impact . | . . . Kinetic . | . . . Secondary . | . . . Self-Inflicted Damage 58 | . . 58 Shots 1 | . . 1 Rammed . | . . . Targets Rammed . | . . . Kicked . | . . . Crushed . | . . . Highest Temperature 18 | . 18 . Average Temperature 10 | . 10 . Received Heat Transfer 279 | . 81 198 Siege Activations . | . . . Martial Activations . | . . . Shielding Activations . | . . . Robots Disrupted . | . . . Combat Hostiles . | . . . Robots Corrupted . | . . . Combat Hostiles . | . . . Parts Fried . | . . . Impact Corruptions . | . . . Robots Melted . | . . . Combat Hostiles . | . . . Parts Melted 1 | . . 1 Heat Transferred 259 | . . 259 Parts Sabotaged . | . . . Parts Stolen . | . . . Parts Stripped . | . . . Power Chain Reactions . | . . . Alert | -11 -10 -10 ------- Run | Yrd Mat Sub Maximum Alert Level . | . . . Low Security (%) 100 | . 100 . Level 1 . | . . . Level 2 . | . . . Level 3 . | . . . Level 4 . | . . . Level 5 . | . . . High Security . | . . . Max Security . | . . . Peak Influence 94 | . 94 . Initial . | . . . Average 17 | . 17 . Influence Increases 135 | . 115 20 Destroy 0b10 Robot/C 80 | . 60 20 Destroy Leader 20 | . 20 . Successful Hack 5 | . 5 . Select Force Hacks 30 | . 30 . Influence Decreases 135 | . 115 20 Time Decay 135 | . 115 20 Squads Dispatched 1 | . 1 . Investigation 1 | . 1 . Extermination . | . . . Reinforcement . | . . . Assault . | . . . Garrison . | . . . Intercept . | . . . Searches Triggered . | . . . Construction Impeded . | . . . Haulers Reinforced . | . . . Active Scanning Responses . | . . . Cargo Convoy Interrupts . | . . . Stealth | -11 -10 -10 --------- Run | Yrd Mat Sub Distress Signals . | . . . Communications Jammed . | . . . Distress Signals . | . . . Times Spotted 14 | . 8 6 Peak Tracking Total 3 | . 3 2 Tactical Retreats . | . . . Traps | -11 -10 -10 ------- Run | Yrd Mat Sub Traps Triggered . | . . . Indirectly . | . . . Trap Hack Attempts . | . . . Triggered . | . . . Disarmed . | . . . Reprogrammed . | . . . Reused . | . . . Traps Extracted . | . . . Installed . | . . . Triggered . | . . . Machines | -11 -10 -10 ---------- Run | Yrd Mat Sub Machines Disabled . | . . . Max in Single Turn . | . . . Machines Repaired . | . . . Machines Dismantled . | . . . Machines Sabotaged . | . . . Overloaded Fab Kills . | . . . Hacking | -11 -10 -10 --------- Run | Yrd Mat Sub Machines Accessed 3 | . 3 . Terminals 2 | . 2 . Fabricators . | . . . Repair Stations . | . . . Recycling Units 1 | . 1 . Scanalyzers . | . . . Garrison Access . | . . . Total Hacks 5 | . 5 . Successful 3 | . 3 . Failed 2 | . 2 . Catastrophic . | . . . Database Lockouts . | . . . Manual 1 | . 1 . Terminals 4 | . 4 . Fabricators . | . . . Repair Stations . | . . . Recycling Units 1 | . 1 . Scanalyzers . | . . . Garrison Access . | . . . Terminal Hacks 2 | . 2 . Robot Analysis 1 | . 1 . Zone Layout 1 | . 1 . Fabricator Hacks . | . . . Repair Station Hacks . | . . . Recycling Unit Hacks . | . . . Scanalyzer . | . . . Garrison Access Hacks . | . . . Unauthorized Hacks 1 | . 1 . Terminals . | . . . Fabricators . | . . . Repair Stations . | . . . Recycling Units 1 | . 1 . Tunnel 1 | . 1 . Scanalyzers . | . . . Garrison Access . | . . . Data Cores Recovered . | . . . Used . | . . . Hacking Detections 1 | . 1 . Full Trace Events . | . . . Feedback Events . | . . . Feedback Blocked . | . . . Robot Schematics Acquired . | . . . Robots Built . | . . . Authchips . | . . . Time . | . . . Total Robot Build Rating . | . . . Part Schematics Acquired . | . . . Parts Built . | . . . Authchips . | . . . Time . | . . . Total Part Build Rating . | . . . Part Studies Acquired . | . . . Parts Repaired . | . . . Time . | . . . Parts Recycled . | . . . Recycled Matter . | . . . Retrieved Matter . | . . . Retrieved Components . | . . . Parts Scanalyzed . | . . . Part Schematics Acquired . | . . . Parts Damaged . | . . . Bothacking | -11 -10 -10 ------------ Run | Yrd Mat Sub Used RIF Installer . | . . . Robots Hacked . | . . . Non-combat . | . . . Combat . | . . . Robot Hacks Applied . | . . . Relay Couplers Released . | . . . Fabnet Peak Effective % . | . . . Robots Rewired . | . . . Allies Hacked . | . . . Hacks Repelled . | . . . Allies | -11 -10 -10 -------- Run | Yrd Mat Sub Total Allies . | . . . Largest Group . | . . . Highest-Rated Group . | . . . Highest-Rated Ally . | . . . Total Orders . | . . . Ally Attacks . | . . . Total Damage . | . . . Kills . | . . . Allies Corrupted . | . . . Allies Melted . | . . . Intel | -11 -10 -10 ------- Run | Yrd Mat Sub Active Infowar (turns) 162 | . . 162 Seismic 162 | . . 162 Robot Analysis Total 1 | . 1 . Derelict Logs Recovered . | . . . Drone Launches . | . . . Drone Recoveries . | . . . Exploration | -11 -10 -10 ------------- Run | Yrd Mat Sub Turns Passed 1111 | . 742 369 Spaces Moved 460 | 1 255 204 Core 44 | . . 44 Treads . | . . . Legs 290 | 1 255 34 Wheels 126 | . . 126 Hover . | . . . Flight . | . . . Fastest Speed 100 | 120 120 100 Average Speed 130 | 120 120 142 Slowest Speed 250 | 120 120 250 Overloaded Moves . | . . . Propulsion Burnouts . | . . . Robots Hopped . | . . . Potential Cave-ins . | . . . Cave-ins Triggered . | . . . Exploration Rate (%) 25 | 2 47 27 Regions Visited 2 Branch Regions 1 Pre-discovered Areas 1 | . 1 . Known Exits Taken . | . . . Unknown Exits Taken 2 | 1 1 . Scrap Searched . | . . . Spaces Dug . | . . . Terrain Destroyed 12 | . . 12 Melee . | . . . Projectile . | . . . AOE 12 | . . 12 Terrain Rammed . | . . . Walls Destroyed . | . . . Machines Disabled . | . . . Actions | -11 -10 -10 --------- Run | Yrd Mat Sub Total 927 | . 673 254 Wait 418 | . 399 19 Move 458 | . 254 204 Hop . | . . . Pick Up 4 | . 3 1 Fast Attach 5 | . 2 3 Attach 3 | . . 3 Detach . | . . . Swap 1 | . 1 . Drop 4 | . 3 1 Fire 34 | . 11 23 Melee . | . . . Ram . | . . . Kick . | . . . Crush . | . . . Escape Stasis . | . . . Rewire . | . . . Trap . | . . . Miscellaneous . | . . . Route ------- -11/Scrapyard -10/Materials (discovered 3 exits: [*Mat] / [*Min] / [*Sub]) -10/Subcaves History --------- Turn | Location | Event 1 | -11/Scrapyard | Discovered new exit (range 0) 1 | -11/Scrapyard | Entered Materials 305 | -10/Materials | Build established: Mutant 381 | -10/Materials | Discovered new exit (range 6) 515 | -10/Materials | Discovered new exit (range 16) 724 | -10/Materials | Discovered new exit (range 5) 743 | -10/Materials | Entered Subcaves 752 | -10/Subcaves | Ambushed by Subdwellers from Twisted Machinery 834 | -10/Subcaves | Core integrity fell below 50% 848 | -10/Subcaves | Lost 5 parts (1p2n2w) 932 | -10/Subcaves | Core integrity fell below 20% 976 | -10/Subcaves | Shifting Twisted Machinery released Flamer 983 | -10/Subcaves | Shifting Twisted Machinery released Mak. Hacking Suite 1071 | -10/Subcaves | A swath of the cavern ceiling suddenly collapsed 1112 | -10/Subcaves | Destroyed by 05-Y12(R) with Subdweller Laser Last Messages --------------- 00843_ Acquired 43 matter. 00845_ Subatomizers dissect the Sub. Monowheel. 00880_ Subatomizers dissect the Disposable Heat Sink. 00931_ PA-VDM(R) destroyed. 00943_ Acquired Sub. Shrapnel Launcher. 00949_ Dropped Heat Sink. 00950_ Acquired Seismic Detector. 00956_ Acquired 1 matter. Flamer falls loose from the Twisted Machinery. Mak. Hacking Suite falls loose from the Twisted Machinery. 01019_ Assault Rifle destroyed. 01021_ Y-45 Defender destroyed. 01024_ Acquired Beam Rifle. 01033_ Lgt. Armor Plating fries itself beyond repair. 01039_ Imp. Ion Engine fries itself beyond repair. A swath of the cavern ceiling suddenly collapses. 01088_ Sub. Power Source destroyed. 01101_ Sub. Shrapnel Launcher destroyed. 01108_ A thin wall crumbles away, revealing a door. Map ----- +----------------------------------------------------+ | ????????????????????????????????# ???????? | | ???????????????????????????????## #??????? | | ???????????????????????????????# #?????? | | ???????????????????????????????? #?????? | | ????????????????????????????????# ##????? | | ????????????????????????????????# ##???? | | ?????????????????????????????#### ###?? | | ?????????????????????????#??## ##? | | ?????????????????????????# ## ## | | ???????????????????????#? # | | ??????????????????????? ? | | ??????????????????????## ????# | | ??????????????????????# ???# | | ???????????????????#### #???## | | ??????????????????## # #???# | | ??????????????????# ##### ### | | ??????????????????# # # #?# | | ??????????????????# ## #?## | | ?????????????????????# # ### #??# | | ??????????????????????## ##?####??? | | ??????????????????????# #????????? | | ??????????????????????# # ###????????? | | ????????????????????### ## #??????????? | | ????????????????????# ## #??????????? | | ??????????????####### # ##??????????? | | ??????????????# @## # # #???????????? | | ??????????????# RR # ##???????????? | | ??????????????# #????????????? | | ????????????# # ## ###????????????? | | ????????????# ######??????????????? | | ???????????" # #???????????????????? | | ???????????## # ###???????????????????? | | ????????????##?# #?????????????????????? | | ??????????????# ?????????????????????? | | ??????????????# ?????????????????????? | | ??????????????## ?????????????????????? | | ???????????????# ?????????????????????? | | ???????????????# ?????????????????????? | | ???????????????### ????????????????????? | | ?????????????????## #????????????????????? | | ??????????????????? ?????????????????????? | | ??????????????????? ?????????????????????? | | ??????????????????????????????????????????? | | ??????????????????????????????????????????? | | ??????????????????????????????????????????? | | ??????????????????????????????????????????? | | ??????????????????????????????????????????? | | ??????????????????????????????????????????? | | ??????????????????????????????????????????? | | ??????????????????????????????????????????? | +----------------------------------------------------+ Best States ------------- Heat Dissipation 35 Energy Generation 10 Energy Capacity 200 Matter Stores 300 Matter Capacity 300 Sight Range 16 Terrain Scan Density 10 Evasion (%) 55 Item Schematics ----------------- None Robot Schematics ------------------ None Fabricated ------------ Nothing Repaired ---------- Nothing Studied --------- None Alien Tech Used ----------------- None Achievements -------------- None Challenges ------------ None Game ------ Seed LayeredMetamassFilter Manual? 0 Play Time 00:12:11 Cumulative 153.6 hours Start 2025.11.03 @ 01:54:35 End 2025.11.03 @ 02:06:17 Sessions 1 Manual Loads 0 Difficulty Rogue Special Mode None Game No. 160 Rogue 158 Adventurer 2 Explorer 0 Win Type - Total 0 Types 0/0/0/0/0/0/0/0/0/0 Lore% 64 Gallery% 56 Achievement% 30 Wizard Run 0 Options --------- Layout 2 ASCII 0 Keyboard 1 Movement Vi Keybinds 0 Fullscreen 0 Font 42/SmallcapsGlow Map View 59x48 Zoom Use 0% Tactical HUD 1 Map Filters NONE Filters NONE Steam 1 RUN: 907abf7a-e75c-4112-838b-ddd63b306d76